 Dungeon Crawl Stone Soup version 0.31-a0-232-gb1c03b2570 (webtiles) character file.

Game seed: 4831052141787023803

41 qw the Shooter (level 3, 0/29 HPs)
             Began as a Minotaur Hexslinger on July 6, 2023.
             Succumbed to an adder's poison
             ... on level 2 of the Dungeon.
             The game lasted 00:00:27 (1106 turns).

qw the Shooter (Minotaur Hexslinger)                Turns: 1106, Time: 00:00:27

Health: 0/29       AC:  6    Str: 12    XL:     3   Next: 32%
Magic:  3/3        EV: 11    Int: 10    God:
Gold:   122        SH:  0    Dex: 14    Spells: 3/4 levels left

rFire   . . .        Y - +1 sling
rCold   . . .        (no shield)
rNeg    . . .        g - +0 ring mail
rPois   .            (helmet restricted)
rElec   .            i - +0 cloak
rCorr   .            (no gloves)
SInv    .            (no boots)
Will    .....        (no amulet)
Stlth   +            (no ring)
HPRegen 0.24/turn    (no ring)
MPRegen 0.08/turn

%: no passive effects
@: lethally poisoned (0 -> -1)
A: horns 2, retaliatory headbutt
a: no special abilities


You were on level 2 of the Dungeon.
You visited 1 branch of the dungeon, and saw 2 of its levels.

You collected 122 gold pieces.


Innate Abilities, Weirdness & Mutations

You have a pair of horns on your head.
You reflexively headbutt those who attack you in melee.


   Skills:
 - Level 2.0 Fighting
 + Level 3.9 Ranged Weapons
 - Level 2.1 Dodging
 - Level 1.0 Spellcasting
 - Level 2.0 Hexes


You had 3 spell levels left.
You knew the following spells:

 Your Spells              Type           Power      Damage    Failure   Level
a - Slow                  Hex            16%        N/A       34%         1

Your spell library contained the following spells:

 Spells                   Type           Power      Damage    Failure   Level
 Inner Flame              Hex/Fire       2%         N/A       83%         3
 Portal Projectile        Hex/Tloc       4%         N/A       83%         3
 Cause Fear               Hex            2%         N/A       98%         4

Inventory:

Hand Weapons
 Y - a +1 sling (weapon)
Armour
 g - a +0 ring mail (worn)
 i - a +0 cloak (worn)
Jewellery
 a - a ring of flight
Scrolls
 h - a scroll of identify
Potions
 b - 2 potions of haste {unknown}
 f - a potion of degeneration {unknown}
 k - a potion of curing {unknown}

Dungeon Overview and Level Annotations

Branches:
Dungeon (2/15)

Altars:


Message History

You kill the bat!
The adder bites you.
You shoot a sling bullet.
The sling bullet closely misses the adder.
The adder misses you.
You shoot a sling bullet.
The sling bullet closely misses the adder.
The adder bites you but does no damage. The adder bites you.
You are poisoned.
The adder poisons you!
You shoot a sling bullet.
The sling bullet closely misses the adder.
You feel sick. The adder barely misses you. The adder bites you.
The worm barely misses you. You furiously retaliate!
You headbutt the worm! You shoot a sling bullet.
The sling bullet barely misses the worm.
You feel sick. The adder barely misses you. The worm barely misses you.
The adder completely misses you.
You shoot a sling bullet.
The sling bullet hits the worm but does no damage.
The worm is moderately wounded.
You feel sick.
You are no longer poisoned.
The adder bites you. The worm bites you.
You shoot a sling bullet.
The sling bullet barely misses the worm.
The adder bites you but does no damage. x2
You shoot a sling bullet. The sling bullet hits the worm!
The worm is heavily wounded.
The adder bites you. The worm bites you! The adder closely misses you.
You shoot a sling bullet. The sling bullet hits the worm!
The worm is almost dead.
The adder bites you.
You are poisoned.
The adder poisons you! The worm bites you. The adder closely misses you.
You shoot a sling bullet. The sling bullet hits the worm.
You kill the worm!
You feel sick. The adder bites you but does no damage.
You shoot a sling bullet. The sling bullet misses the adder.
You die...

# ..... .....
#.###<.. .#..
#....... ...
#..#.... ####..#
#..#.#|. ..[....
#....... (....[.
#####..>...
#.....%###
#..........
.......@.#
#.###.....#
#.....S#.#####.#
#.###.#
#......#.).....#
#.# #.#
#......#########
#<###.# ###....
#.....# #....
####### #....
.... #.... ....
....


You could see an adder.

Vanquished Creatures
  A worm (D:2)
  4 ball pythons (D:1)
  3 endoplasms
  2 giant cockroaches
  3 goblins (D:2)
  4 jackals (D:2)
  2 kobolds (D:1)
  6 bats
  10 rats (D:1)
35 creatures vanquished.

Notes
Turn   | Place    | Note
-------+----------+-------------------------------------------
     0 | D:1      | qw the Minotaur Hexslinger began the quest for the Orb.
     0 | D:1      | Reached XP level 1. HP: 16/16 MP: 1/1
     0 | D:1      | 0 ||| qw: Version: 0.3-a-46-gb1f654a
     0 | D:1      | 0 ||| qw: Game counter: 2037
     0 | D:1      | 0 ||| qw: Melee chars always use a shield: true
     0 | D:1      | 0 ||| qw: God list: Okawaru
     0 | D:1      | 0 ||| qw: Allow faded altars: false
     0 | D:1      | 0 ||| qw: Do Orc after clearing Dungeon:15 true
     0 | D:1      | 0 ||| qw: Do second Lair branch before Depths: true
     0 | D:1      | 0 ||| qw: Lair rune preference: random
     0 | D:1      | 0 ||| qw: Goals: Normal
     0 | D:1      | 0 ||| PLANNING D:1-11
    98 | D:1      | Found a faded altar of an unknown god.
   357 | D:1      | Reached skill level 3 in Ranged Weapons
   362 | D:1      | Reached XP level 2. HP: 23/23 MP: 2/2
   714 | D:1      | 714 ||| UPGRADING to +0 ring mail.
   724 | D:1      | 724 ||| DROPPING +0 robe.
   725 | D:1      | 725 ||| UPGRADING to +0 cloak.
   730 | D:1      | 730 ||| READING scroll labelled EXKUIR MIMULE.
   731 | D:1      | 731 ||| READING scroll labelled RAUKITTEIMY.
   732 | D:1      | 732 ||| READING 2 scrolls labelled YGUBU MUITH.
   733 | D:1      | 733 ||| READING scroll labelled IGRUEG EZOELE.
   734 | D:1      | 734 ||| DROPPING scroll of poison.
   750 | D:2      | 750 ||| STAIRDANCE
   906 | D:2      | Reached XP level 3. HP: 29/29 MP: 3/3
  1103 | D:2      | HP: 6/29 [worm (8)]
  1105 | D:2      | HP: 1/29 [poisoned by an adder]
  1106 | D:2      | Succumbed to an adder's poison

Levels and vault maps discovered:
D:1:      tarquinn_simple_flora_water_a, layout_basic,
          ebering_ecumenical_altar_sacrificial, minmay_rat_gold_closets
D:2:      layout_basic, basic_altar, chequers_hall_statues_wall_a,
          kennysheep_generic_room_14, uniq_terence, uniq_jessica

Skill      XL: |  1  2 |
---------------+-------+-----
Ranged Weapons | 3 |  3.9
Fighting       | 2 |  2.0
Dodging        | |  2.1
Spellcasting   | |  1.0
Hexes          | |  2.0

Action                     || total
---------------------------++-------
   Fire: Sling             ||   100
    Use: Scroll            ||     4
 Armour: Ring mail         ||    23
         Robe              ||     1
  Dodge: Dodged            ||    44

Table legend:
 A = Non-vault XP
 B = Vault XP
 C = Vault XP percentage of total XP
 D = Non-vault monster count
 E = Vault monster count
 F = Vault count percentage of total count
                 A         B        C        D         E       F
            +---------+---------+-------+---------+---------+-------
      Total |      49 |      10 |  16.9 |      26 |       9 |  25.7
            +---------+---------+-------+---------+---------+-------
        D:1 |      19 |       8 |  29.6 |      12 |       8 |  40.0
        D:2 |      30 |       2 |   6.2 |      14 |       1 |   6.7
            +---------+---------+-------+---------+---------+-------
